 Dungeon Crawl Stone Soup version 0.26-a0-665-gefeb406 (webtiles) character file.

Game seed: 3263136070755629493

860 Mopster the Chopper (level 7, 0/63 HPs)
             Began as a Minotaur Berserker on Oct 15, 2020.
             Was an Elder of Trog.
             Slain by a shadow (7 damage)
             ... on level 8 of the Dungeon.
             The game lasted 00:15:35 (2960 turns).

Mopster the Chopper (Minotaur Berserker)            Turns: 2960, Time: 00:15:35

Health: 0/63       AC: 11    Str: 24    XL:     7   Next: 71%
Magic:  6/6        EV:  9    Int:  4    God:    Trog [****..]
Gold:   217        SH:  5    Dex:  9    Spells: 6/6 levels left

rFire    . . .     SeeInvis .   z - +0 war axe
rCold    + . .     Faith    .   (no shield)
rNeg     . . .     Spirit   .   l - +0 chain mail
rPois    .         Reflect  +   (helmet restricted)
rElec    .         Harm     .   (no cloak)
rCorr    .         Rampage  .   (no gloves)
MR       .....                  m - +0 pair of boots
Stlth    ..........             q - amulet of reflection
HPRegen  0.20/turn              g - ring of flight
MPRegen  0.10/turn              r - ring of protection from cold

@: no status effects
A: retaliatory headbutt, horns 2
a: Berserk, Trog's Hand, Brothers in Arms, Renounce Religion, Evoke Flight


You were on level 8 of the Dungeon.
You worshipped Trog.
Trog was greatly pleased with you.
You visited 1 branch of the dungeon, and saw 6 of its levels.

You collected 217 gold pieces.

Inventory:

Hand Weapons
 a - a +0 hand axe
 u - the +2 whip of Twilight {freeze, rF+}
   (You found it on level 4 of the Dungeon)

   It has been specially enchanted to freeze those struck by it, causing extra
   injury to most foes and up to half again as much damage against particularly
   susceptible opponents.
   It can also slow down cold-blooded creatures.
   It protects you from fire.
 z - a +0 war axe (weapon)
Armour
 b - a +0 animal skin
 l - a +0 chain mail (worn)
 m - a +0 pair of boots (worn)
Jewellery
 g - a ring of flight (left hand)
 q - an amulet of reflection (around neck)
 r - a ring of protection from cold (right hand)
 w - the ring of Zoycries {*Contam Str+6 Dex+4, unknown}
   (You found it on level 4 of the Dungeon)

   [ring of strength]

   It affects your strength (+6).
   It affects your dexterity (+4).
   It causes magical contamination when unequipped.
 y - an uncursed ring of protection from cold
Wands
 s - a wand of paralysis (10)
Scrolls
 c - a scroll of identify
 e - a scroll of immolation
 f - a scroll of magic mapping
 h - 3 scrolls of enchant weapon {unknown}
 i - a scroll of fear {unknown}
 n - a scroll of remove curse
 o - 5 scrolls of teleportation
 v - a scroll of enchant armour {unknown}
 x - a scroll of amnesia {unknown}
Potions
 d - 4 potions of curing {unknown}
 j - a potion of flight {unknown}
 k - a potion of degeneration {unknown}
 p - a potion of might {unknown}
 t - a potion of heal wounds {unknown}


   Skills:
 * Level 6.1 Fighting
 + Level 7.7(7.8) Axes
 - Level 1.1(4.9) Maces & Flails
 + Level 5.7 Armour
 * Level 3.5 Dodging


You had 6 spell levels left.
You didn't know any spells.
Your spell library was empty.

Dungeon Overview and Level Annotations

Branches:
Dungeon (5/15)
 Temple: D:4-7

Altars:
Cheibriados
Makhleb
Uskayaw
Zin
The Shining One


Innate Abilities, Weirdness & Mutations

You reflexively headbutt those who attack you in melee.
You have a pair of horns on your head.


Message History

The shadow is almost destroyed.
The shadow slips into darkness.
The shadow flickers and vanishes!
Deactivating autopickup; reactivate with Ctrl-A.
You hit something but do no damage. Your headbutt misses something.
The shadow strikes at you from the darkness!
Reactivating autopickup.
You closely miss the shadow.
The shadow is severely damaged.
The shadow hits you.
* * * LOW HITPOINT WARNING * * *
You hit the shadow but do no damage. You headbutt the shadow.
The shadow is almost destroyed.
The shadow hits you!
* * * LOW HITPOINT WARNING * * *
You hear a distant slurping noise.
You closely miss the shadow.
The shadow is almost destroyed.
The shadow hits you!
You die...

##### ##.?.## #
#.....#### ##.
#.W.###.##
##...##@# #...#
........###._.#
###+###..#'...#
##..##.##
##..### ....+
##..## ..## .#+


You could see a shadow.

Vanquished Creatures
  An orc warrior (D:4)
  2 ogres (D:4)
  A phantom (D:5)
  A bullfrog (D:4)
  A scorpion (D:5)
  4 orc wizards
  An iguana (D:4)
  3 worker ants (D:4)
  Robin (D:2)
  A howler monkey skeleton (D:4)
  4 adders
  An ufetubus (D:5)
  2 oozes (D:1)
  A worm (D:2)
  2 dart slugs (D:1)
  3 leopard geckos
  17 orcs
  7 bats
  4 giant cockroaches (D:1)
  7 hobgoblins
  7 jackals
  9 kobolds
  4 quokkas
  A ball python (D:2)
  8 frilled lizards
  14 goblins
  7 rats
114 creatures vanquished.

Vanquished Creatures (others)
  A plant (D:4)
1 creature vanquished.

Grand Total: 115 creatures vanquished

Notes
Turn   | Place    | Note
-------+----------+-------------------------------------------
     0 | D:1      | Mopster the Minotaur Berserker began the quest for the Orb.
     0 | D:1      | Reached XP level 1. HP: 19/19 MP: 0/0
   266 | D:1      | Reached skill level 4 in Axes
   266 | D:1      | Reached XP level 2. HP: 27/27 MP: 1/1
   495 | D:1      | Reached XP level 3. HP: 33/33 MP: 2/2
   499 | D:1      | Reached ** piety under Trog
  1063 | D:2      | Noticed Robin
  1070 | D:2      | Reached XP level 4. HP: 41/41 MP: 3/3
  1078 | D:2      | Killed Robin
  1078 | D:2      | Reached skill level 5 in Axes
  1113 | D:2      | Found a snail-covered altar of Cheibriados.
  1617 | D:3      | Reached *** piety under Trog
  1640 | D:3      | Reached XP level 5. HP: 45/47 MP: 4/4
  1738 | D:3      | You fall into a shaft and drop 1 floor!
  1822 | D:4      | Reached skill level 6 in Axes
  1961 | D:4      | Found a hide-covered altar of Uskayaw.
  1966 | D:4      | Found a burning altar of Makhleb.
  1966 | D:4      | Found a glowing golden altar of the Shining One.
  1998 | D:4      | Reached skill level 5 in Fighting
  1998 | D:4      | Reached XP level 6. HP: 56/56 MP: 5/5
  2031 | D:4      | Got a faintly glowing whip
  2032 | D:4      | Identified the cursed +2 whip of Twilight {freeze, rF+}
                  | (You found it on level 4 of the Dungeon)
  2070 | D:4      | Noticed an orc warrior
  2083 | D:4      | Killed an orc warrior
  2099 | D:4      | Reached skill level 7 in Axes
  2099 | D:4      | Reached skill level 1 in Maces & Flails
  2099 | D:4      | Reached XP level 7. HP: 43/61 MP: 6/6
  2197 | D:4      | Got a glittering pewter ring
  2315 | D:4      | Reached skill level 5 in Armour
  2698 | D:5      | Entered Level 5 of the Dungeon
  2843 | D:5      | Reached **** piety under Trog
  2910 | D:5      | You fall into a shaft and drop 3 floors!
  2910 | D:8      | Found a glowing silver altar of Zin.
  2950 | D:8      | Noticed a shadow
  2960 | D:8      | Slain by a shadow

Illustrated notes

Levels and vault maps discovered:
D:1:      matt_arrival_diagonals, layout_loops_ring
D:2:      layout_rooms, cheibriados_altar_1, serial_rivers,
          chequers_serial_rivers_micro_a, chequers_serial_rivers_micro_b,
          chequers_serial_rivers_micro_d, chequers_serial_rivers_small_a,
          chequers_serial_rivers_large_b, uniq_robin
D:3:      layout_loops_cross, regret_index_temple_of_mockery,
          grunt_temple_overflow_diamond, chequers_ecumenical_altar_simple_redux
D:4:      layout_basic, gammafunk_temple_overflow_forgotten
D:5:      layout_loops_ring, minmay_temple_entry_wispy, portal_sewer_entry_b,
          hangedman_abyss_or_decor_stabs
D:8:      due_megacathedral, layout_basic, overflow_temple_1_default,
          lemuel_crystal_altar, serial_shops,
          nicolae_shop_temple_entry_statues_fountains

Skill      XL: |  1  2  3  4  5  6  7 |
---------------+----------------------+-----
Axes           | 4 5 6 7 |  7.7
Fighting       | 4 5 6 |  6.1
Armour         | 3 4 5 |  5.7
Maces & Flails | 1 |  1.1
Dodging        | 3 |  3.5

Action                   |  1- 3 |  4- 6 |  7- 9 || total
-------------------------+-------+-------+-------++-------
Melee: Hand axe          |    74 |    99 |    53 ||   226
       Headbutt          |     9 |    17 |    10 ||    36
       Whip              |       |    18 |       ||    18
       War axe           |       |       |    19 ||    19
Invok: Berserk           |     2 |     2 |     1 ||     5
  Use: Scroll            |       |     5 |       ||     5
Armor: Animal skin       |     7 |       |       ||     7
       Ring mail         |     5 |       |       ||     5
       Chain mail        |    21 |    69 |    19 ||   109
Dodge: Dodged            |    35 |    59 |    22 ||   116
Block: Other             |       |     1 |     6 ||     7

Table legend: (Time is in decaauts)
 A = Elapsed time spent in this place.
 B = Non-inter-level travel time spent in this place.
 C = Inter-level travel time spent in this place.
 D = Time resting spent in this place.
 E = Time spent auto-exploring this place.
 F = Levels seen in this place.
 G = Mean time per level.
                   A        B        C        D        E       F      G
               +--------+--------+--------+--------+--------+-----+--------+
         Total |   3034 |   2566 |    468 |      0 |   1873 |   6 |  505.7 |
       Dungeon |   3034 |   2566 |    468 |      0 |   1873 |   6 |  505.7 |
               +--------+--------+--------+--------+--------+-----+--------+

Top non-repeatable levels by time:
     D:4: 970 daAuts
     D:1: 936 daAuts
     D:2: 710 daAuts
     D:5: 220 daAuts
     D:3: 145 daAuts
     D:8: 50 daAuts
